[Event "Titled Tuesday Blitz July 13 2021"]
[White "Iskusnyh, Sergei"]
[Black "Rodchenkov, Vitaly"]
[WhiteFideId "4120027"]
[BlackFideId "4152964"]
[WhiteElo "2492"]
[BlackElo "2337"]
[Result "1-0"]
[Round "02"]
[TimeControl "180+1"]
[Date "2021.07.13"]
[WhiteClock "0:00:16"]
[BlackClock "0:00:23"]

1. d4 Nf6 2. c4 e6 3. g3 d5 4. Bg2 Be7 5. Nf3 O-O 6. Qc2 b6 7. O-O Bb7 8. cxd5 exd5 9. Nc3 Na6 10. Rd1 Re8 11. Ne5 Bf8 12. Bg5 c5 13. Bxf6 gxf6 14. Ng4 Nb4 15. Qf5 Bg7 16. dxc5 bxc5 17. Nxd5 Nxd5 18. Bxd5 Bxd5 19. Rxd5 Qe7 20. Ne3 Rab8 21. b3 Qe6 22. Rad1 Bh6 23. Ng4 Bg7 24. Qxe6 Rxe6 25. Kf1 Rbe8 26. Rd8 Kf8 27. Rxe8+ Kxe8 28. Rd5 Ra6 29. Rxc5 Rxa2 30. Ne3 Rb2 31. Rc8+ Kd7 32. Rb8 Bh6 33. Nf5 Bd2 34. Rb7+ Ke6 35. g4 h5 36. h3 hxg4 37. hxg4 a5 38. e3 Bb4 39. Kg2 Ke5 40. Rb5+ Ke4 41. Rb7 Be1 42. Re7+ Kd3 43. Rd7+ Ke4 44. Rd4+ Ke5 45. Rf4 Rxb3 46. Nd4 Rb2 47. Nf3+ Ke6 48. Nxe1 Rb4 49. Rxb4 axb4 50. Nd3 1-0


[Site "https://www.chess.com"]

[Event "Titled Tuesday Blitz July 13 2021"]
[White "Klimkowski, Jan"]
[Black "Novoselski, Zoran"]
[WhiteFideId "21856222"]
[BlackFideId "901970"]
[WhiteElo "1903"]
[BlackElo "2327"]
[Result "1-0"]
[Round "02"]
[TimeControl "180+1"]
[Date "2021.07.13"]
[WhiteClock "0:00:06"]
[BlackClock "0:00:01"]

1. e4 d6 2. d4 Nf6 3. Nc3 e5 4. Nf3 Nbd7 5. Bc4 Be7 6. O-O O-O 7. a4 c6 8. a5 Qc7 9. Bg5 Rb8 10. Qd2 b5 11. axb6 axb6 12. d5 cxd5 13. Bxd5 b5 14. Qd3 b4 15. Nb5 Qb6 16. c4 Nc5 17. Qe3 Nxd5 18. exd5 Bxg5 19. Nxg5 Bd7 20. Qf3 h6 21. Nh3 Bxb5 22. cxb5 Qxb5 23. Qg4 Qd3 24. Rfd1 Qg6 25. Qxg6 fxg6 26. f3 Ra8 27. Nf2 Nb3 28. Rxa8 Rxa8 29. Ne4 Ra6 30. h4 Kf7 31. Rd3 Nd4 32. Rd1 Ke7 33. Kh2 Ra2 34. Rc1 Kd7 35. Rb1 Ra5 36. Kh3 Nb3 37. Rd1 Ra2 38. Rb1 Nc5 39. Nd2 b3 40. Nc4 Ra6 41. Kg4 Kc7 42. h5 Ra4 43. Rc1 gxh5+ 44. Kxh5 Nd3 45. Rc3 Nf4+ 46. Kg4 Nxd5 47. Rc1 Kd8 48. Kf5 Ke7 49. Kg6 Nf4+ 50. Kxg7 Nxg2 51. Nb6 Rh4 52. Rc7+ Kd8 53. Rd7+ Ke8 54. Rxd6 Nf4 55. Nc8 Rh3 56. Kf6 Rxf3 57. Kxe5 h5 58. Ke4 Rf2 59. Rf6 Nh3 60. Rh6 Rxb2 61. Nd6+ 1-0


[Site "https://www.chess.com"]

[Event "Titled Tuesday Blitz July 13 2021"]
[White "Krivonosov, Oleg"]
[Black "Kim, Sergey"]
[WhiteFideId "11600349"]
[BlackFideId "13700570"]
[WhiteElo "2469"]
[BlackElo "2483"]
[Result "1-0"]
[Round "02"]
[TimeControl "180+1"]
[Date "2021.07.13"]
[WhiteClock "0:02:11"]
[BlackClock "0:01:05"]

1. Nf3 Nf6 2. c4 g6 3. Nc3 Bg7 4. e4 d6 5. d4 O-O 6. Be2 e5 7. dxe5 dxe5 8. Qxd8 Rxd8 9. Bg5 c6 10. Nxe5 Re8 11. O-O-O Na6 12. Rd6 Be6 13. f4 Nc5 14. Bf3 h6 15. Bh4 g5 16. Bf2 Na6 17. g3 g4 18. Bg2 Bf8 19. Rd2 Nc5 20. b3 a5 21. Kb2 a4 22. Bd4 Nfd7 23. Nxd7 Bxd7 24. Bxc5 Bxc5 25. Rxd7 axb3 26. axb3 1-0


[Site "https://www.chess.com"]

[Event "Titled Tuesday Blitz July 13 2021"]
[White "Kubatko, Ivan"]
[Black "Stribuk, Artiom"]
[WhiteFideId "24111473"]
[BlackFideId "13515659"]
[WhiteElo "2285"]
[BlackElo "2224"]
[Result "0-1"]
[Round "02"]
[TimeControl "180+1"]
[Date "2021.07.13"]
[WhiteClock "0:00:02"]
[BlackClock "0:00:06"]

1. e4 c5 2. Nc3 Nc6 3. f4 e6 4. Nf3 Nge7 5. g3 d5 6. d3 g6 7. Bg2 Bg7 8. O-O Rb8 9. a4 a6 10. h3 b5 11. axb5 axb5 12. g4 b4 13. Ne2 h5 14. g5 dxe4 15. dxe4 Qc7 16. Be3 O-O 17. Bxc5 Rd8 18. Qc1 Rb5 19. Be3 Bb7 20. c3 bxc3 21. Nxc3 Rb4 22. Rd1 Rxd1+ 23. Qxd1 Rxb2 24. Rc1 Qa5 25. e5 Nb4 26. Bh1 Nf5 27. Bf2 Bf8 28. Rb1 Rxb1 29. Qxb1 Ba6 30. Ne4 Bd3 31. Nf6+ Kh8 32. Qe1 Qa2 33. Nh4 Nc2 34. Qd2 Qc4 35. Nxf5 Bxf5 36. Bf3 Kg7 37. h4 Bc5 38. Kg2 Bxf2 39. Qxf2 Qxf4 40. Qg3 Ne3+ 41. Kf2 Qd4 42. Ke1 Nc2+ 43. Kf1 Bd3+ 44. Be2 Ne3+ 45. Ke1 Bxe2 46. Kxe2 Nf5 47. Qd3 Qxd3+ 48. Kxd3 Nxh4 49. Ne8+ Kf8 50. Nf6 Nf3 0-1


[Site "https://www.chess.com"]

[Event "Titled Tuesday Blitz July 13 2021"]
[White "Kukhmazov, Arsen"]
[Black "Poormosavi, Seyed Kian"]
[WhiteFideId "24108260"]
[BlackFideId "12585807"]
[WhiteElo "2453"]
[BlackElo "2134"]
[Result "1-0"]
[Round "02"]
[TimeControl "180+1"]
[Date "2021.07.13"]
[WhiteClock "0:00:08"]
[BlackClock "0:00:37"]

1. d4 Nf6 2. c4 b6 3. f3 d5 4. cxd5 Nxd5 5. e4 Nf6 6. Nc3 Bb7 7. Bc4 e6 8. Nge2 c5 9. Be3 cxd4 10. Nxd4 Nc6 11. Nxc6 Bxc6 12. O-O Bb4 13. Qe2 O-O 14. Rfd1 Qe7 15. Rac1 Rfd8 16. Nb5 Be8 17. Nd4 Bc5 18. a3 a5 19. Nb5 Nd7 20. Bxc5 Qxc5+ 21. Qf2 Qxf2+ 22. Kxf2 Ne5 23. Nd6 Nc6 24. Bb5 Rxd6 25. Rxd6 Ne5 26. Bxe8 Rxe8 27. Rcd1 b5 28. Rd8 Kf8 29. b3 g5 30. g3 Ke7 31. Rxe8+ Kxe8 32. f4 gxf4 33. gxf4 Ng4+ 34. Ke2 Nxh2 35. Rh1 Ng4 36. Rxh7 Nf6 37. Rh8+ Kd7 38. Kd3 Kc6 39. Ra8 Nd7 40. e5 Kb6 41. b4 a4 42. Kd4 Kc6 43. Rc8+ Kb7 44. Rd8 Kc7 45. Rh8 Kc6 46. Rh7 Nb6 47. Rxf7 Nc4 48. Re7 Nxa3 49. Rxe6+ Kc7 50. f5 Nc2+ 51. Kc3 a3 52. Kxc2 1-0


[Site "https://www.chess.com"]

[Event "Titled Tuesday Blitz July 13 2021"]
[White "Langner, Ladislav"]
[Black "Gelman, Alexander"]
[WhiteFideId "300403"]
[BlackFideId "4118316"]
[WhiteElo "2346"]
[BlackElo "2375"]
[Result "1-0"]
[Round "02"]
[TimeControl "180+1"]
[Date "2021.07.13"]
[WhiteClock "0:00:07"]
[BlackClock "0:00:12"]

1. e4 d5 2. exd5 Qxd5 3. Nc3 Qa5 4. Nf3 Nf6 5. d4 Nc6 6. Bc4 Bg4 7. h3 Qh5 8. Be2 O-O-O 9. O-O Nxd4 10. Nxd4 Bxe2 11. Qxe2 Rxd4 12. Qe3 Qc5 13. b4 Qc4 14. Nb5 Rd5 15. Nxa7+ Kb8 16. a4 c6 17. b5 e5 18. bxc6 Bc5 19. Qf3 Kxa7 20. cxb7 Rb8 21. Be3 Rxb7 22. Rab1 Rxb1 23. Rxb1 Qc3 24. Bxc5+ Rxc5 25. Qb7# 1-0


[Site "https://www.chess.com"]

[Event "Titled Tuesday Blitz July 13 2021"]
[White "Lazavik, Denis"]
[Black "Dushyant Sharma"]
[WhiteFideId "13515110"]
[BlackFideId "25065130"]
[WhiteElo "2436"]
[BlackElo "2019"]
[Result "1-0"]
[Round "02"]
[TimeControl "180+1"]
[Date "2021.07.13"]
[WhiteClock "0:00:05"]
[BlackClock "0:00:02"]

1. d4 d5 2. c4 e6 3. Nf3 Be7 4. Nc3 Nf6 5. Bg5 O-O 6. e3 Nbd7 7. cxd5 exd5 8. Bd3 h6 9. Bf4 c5 10. O-O b6 11. Qe2 Bb7 12. h3 Rc8 13. Ba6 Bxa6 14. Qxa6 Ra8 15. Rfd1 c4 16. Ne5 Re8 17. Nc6 Qc8 18. Qxc8 Raxc8 19. Nxa7 Ra8 20. Nab5 Ra5 21. a4 Rea8 22. f3 Bb4 23. Rac1 Nf8 24. Be5 Bxc3 25. Nxc3 N8d7 26. Bf4 Nf8 27. g4 Ne6 28. Bg3 Kh7 29. Kg2 h5 30. Be5 Nd7 31. Bd6 h4 32. e4 dxe4 33. fxe4 Ng5 34. Bf4 Ne6 35. Be3 Nf6 36. d5 Nc5 37. Bxc5 bxc5 38. d6 Nd7 39. Rd5 Rb8 40. Rc2 Rb3 41. Rh5+ Kg6 42. Rxh4 Ne5 43. Rh8 Ra7 44. Nb5 Rd7 45. Re8 Nd3 46. Rxc4 Nf4+ 47. Kf1 Rf3+ 48. Ke1 Rxh3 49. Re7 Re3+ 50. Kd2 Re2+ 51. Kd1 Rd8 52. e5 Rh8 53. Rxf4 Rg2 54. Rf1 Rhh2 55. Nc3 Rd2+ 56. Ke1 Rc2 57. Rexf7 Rxb2 58. R7f2 Rhxf2 59. Rxf2 Rb3 60. Kd2 Rxc3 61. Kxc3 1-0


[Site "https://www.chess.com"]

[Event "Titled Tuesday Blitz July 13 2021"]
[White "Le, Tuan Minh"]
[Black "Novikov, Evgenij"]
[WhiteFideId "12401153"]
[BlackFideId "4125380"]
[WhiteElo "2450"]
[BlackElo "2242"]
[Result "1-0"]
[Round "02"]
[TimeControl "180+1"]
[Date "2021.07.13"]
[WhiteClock "0:00:18"]
[BlackClock "0:00:07"]

1. d4 d5 2. Nf3 Nf6 3. Bf4 c5 4. c3 cxd4 5. cxd4 Nc6 6. Nc3 a6 7. e3 e6 8. Bd3 Bd6 9. Bg3 O-O 10. Rc1 Ra7 11. a3 Qe7 12. Bh4 Qd8 13. O-O Be7 14. Qe2 Bd7 15. Rc2 b5 16. Rfc1 Na5 17. Ne5 Nc4 18. f4 g6 19. a4 Rb7 20. axb5 axb5 21. Nd1 Nh5 22. Bxe7 Qxe7 23. Nf2 Nf6 24. b3 Nd6 25. Rc7 Rxc7 26. Rxc7 Rc8 27. Qc2 Qd8 28. Rc5 b4 29. h3 Ra8 30. Kh2 Be8 31. Qd2 Qb8 32. Neg4 Nd7 33. Rc6 Nb6 34. Nf6+ Kg7 35. Nxe8+ Nxe8 36. Qxb4 Nd7 37. Qe7 Ndf6 38. b4 Ra7 39. Qc5 Rc7 40. b5 Rxc6 41. Qxc6 Nd6 42. b6 Nb7 43. Ba6 Na5 44. Qc7 Qf8 45. Nd3 Ne4 46. Ne5 Nc4 47. Bxc4 dxc4 48. b7 Qa3 49. Qxf7+ Kh6 50. Ng4+ Kh5 51. Qxh7# 1-0


[Site "https://www.chess.com"]

[Event "Titled Tuesday Blitz July 13 2021"]
[White "Maevsky, Nikolay"]
[Black "Chigaev, Maksim"]
[WhiteFideId "4198220"]
[BlackFideId "4108116"]
[WhiteElo "2213"]
[BlackElo "2646"]
[Result "0-1"]
[Round "02"]
[TimeControl "180+1"]
[Date "2021.07.13"]
[WhiteClock "0:00:15"]
[BlackClock "0:00:58"]

1. d4 g6 2. Nc3 Bg7 3. e4 d6 4. Be3 a6 5. f3 b5 6. Qd2 Nd7 7. h4 h5 8. Nh3 e6 9. Ng5 Bb7 10. O-O-O Ngf6 11. Kb1 Qe7 12. Be2 Nb6 13. a3 d5 14. e5 Nfd7 15. Na2 Nc4 16. Bxc4 dxc4 17. Ne4 Bxe4 18. fxe4 Nb6 19. Bg5 Qd7 20. Rhf1 a5 21. c3 Na4 22. Qe3 Rb8 23. Rf3 Rf8 24. Rf6 b4 25. cxb4 axb4 26. Nxb4 c5 27. Nc2 Nxb2 28. Rd2 Nd1+ 29. Kc1 Nxe3 30. dxc5 Bxf6 31. Rxd7 Bxg5 32. hxg5 Kxd7 33. Nxe3 Kc6 34. Nxc4 Kxc5 35. Nd6 Kd4 0-1


[Site "https://www.chess.com"]

[Event "Titled Tuesday Blitz July 13 2021"]
[White "Maksimovic, Bojan"]
[Black "Odegov, Artem"]
[WhiteFideId "14408120"]
[BlackFideId "34183644"]
[WhiteElo "2439"]
[BlackElo "2288"]
[Result "1/2-1/2"]
[Round "02"]
[TimeControl "180+1"]
[Date "2021.07.13"]
[WhiteClock "0:00:07"]
[BlackClock "0:00:53"]

1. e4 e6 2. d4 d5 3. Nc3 Bb4 4. e5 c5 5. Bd2 Ne7 6. a3 Bxc3 7. Bxc3 Nbc6 8. Nf3 O-O 9. dxc5 Nf5 10. Bd3 d4 11. Bd2 Qd5 12. b4 Nxe5 13. Nxe5 Qxe5+ 14. Qe2 Qxe2+ 15. Kxe2 Bd7 16. Bxf5 exf5 17. Kd3 Ba4 18. Kxd4 Bxc2 19. Kc3 Be4 20. f3 Bc6 21. Bf4 Rfe8 22. Rhe1 f6 23. Bd6 Kf7 24. Rxe8 Rxe8 25. a4 a6 26. Kc4 Ra8 27. Re1 Re8 28. Rxe8 Kxe8 29. b5 axb5+ 30. axb5 Bd7 31. Kb4 Kf7 32. Ka5 Ke6 33. Kb6 Kd5 34. Bf8 g5 35. Be7 h5 36. Bxf6 g4 37. f4 Be8 38. g3 Bd7 39. Be5 Be8 40. Bd6 Bd7 41. Kxb7 Bxb5 42. Kc7 Bc6 43. Bf8 Ba8 44. Kb8 Bc6 45. Kc7 Ba8 46. Kd7 Bc6+ 47. Ke7 Kxc5 48. Ke6+ Kd4 49. Kxf5 Ke3 50. Kg5 Be8 51. f5 Kf2 52. Kf6 Kg2 53. Ke7 Ba4 54. f6 Kxh2 55. Bh6 Bb3 56. Bf4 Kh3 57. f7 Bxf7 58. Kxf7 h4 59. gxh4 Kxh4 60. Be5 Kh3 61. Bd6 Kg2 62. Bc7 Kf3 63. Kf6 g3 64. Bxg3 1/2-1/2


[Site "https://www.chess.com"]

[Event "Titled Tuesday Blitz July 13 2021"]
[White "Maly, Alexey"]
[Black "Oganisian, Roman"]
[WhiteFideId "14103184"]
[BlackFideId "4153006"]
[WhiteElo "2285"]
[BlackElo "2204"]
[Result "0-1"]
[Round "02"]
[TimeControl "180+1"]
[Date "2021.07.13"]
[WhiteClock "0:01:23"]
[BlackClock "0:00:22"]

1. d4 e6 2. c4 f5 3. Nf3 Nf6 4. g3 Be7 5. Bg2 O-O 6. O-O Ne4 7. Nfd2 d5 8. Nxe4 fxe4 9. f3 exf3 10. Bxf3 Bf6 11. Nc3 dxc4 12. e3 c6 13. Qe2 e5 14. Qxc4+ Kh8 15. Ne4 exd4 16. Nxf6 Rxf6 17. exd4 Bh3 18. Bg5 Bxf1 19. Rxf1 Nd7 20. Bxf6 Nxf6 21. Rd1 Qb6 22. b3 Rd8 23. Kg2 h6 24. d5 cxd5 25. Bxd5 Qa5 26. Bf3 Qxa2+ 27. Kh3 Rf8 28. Qc5 Re8 29. Rd3 Qb1 30. Qf5 Qf1+ 31. Kh4 g5+ 0-1


[Site "https://www.chess.com"]

[Event "Titled Tuesday Blitz July 13 2021"]
[White "Martinez Alcantara, Jose Eduardo"]
[Black "Musovic, Armin"]
[WhiteFideId "3805662"]
[BlackFideId "939935"]
[WhiteElo "2690"]
[BlackElo "2250"]
[Result "1-0"]
[Round "02"]
[TimeControl "180+1"]
[Date "2021.07.13"]
[WhiteClock "0:01:11"]
[BlackClock "0:01:50"]

1. e4 c6 2. Nf3 d5 3. d3 dxe4 4. dxe4 Qxd1+ 5. Kxd1 Bg4 6. Be2 Bxf3 7. Bxf3 e6 8. Be2 Nd7 9. f3 Ngf6 10. c3 h6 11. Kc2 Bd6 12. Nd2 Bc7 13. a4 Nb6 14. Nb3 Nbd7 15. Be3 O-O 16. a5 b6 17. Nd4 bxa5 18. Nxc6 Kh7 19. Nxa5 Rfc8 20. Rhd1 Bxh2 21. Nc4 Nc5 22. b4 Ncd7 23. Rxa7 Rxa7 24. Bxa7 Ra8 25. Be3 Ra2+ 26. Nb2 h5 27. Kb3 Ra8 28. Nc4 h4 29. f4 e5 30. f5 Rb8 31. Nd6 g6 32. Nxf7 Bf4 33. Bxf4 exf4 34. e5 Kg7 35. exf6+ Kxf7 36. Rxd7+ Kxf6 37. fxg6 Kxg6 38. Rd4 Kf5 39. Rd5+ Kg6 40. b5 Re8 41. Bd3+ Kh6 42. b6 Rb8 43. Rd6+ Kg5 44. Be4 f3 45. Bxf3 Kf4 46. c4 Ke5 47. c5 Kf4 48. Kb4 h3 49. gxh3 Rh8 50. Bg4 Rxh3 51. Bxh3 Ke3 1-0


[Site "https://www.chess.com"]

[Event "Titled Tuesday Blitz July 13 2021"]
[White "Martinez Reyes, Pedro Ramon"]
[Black "Pruijssers, Roeland"]
[WhiteFideId "3901807"]
[BlackFideId "1013068"]
[WhiteElo "2398"]
[BlackElo "2545"]
[Result "1-0"]
[Round "02"]
[TimeControl "180+1"]
[Date "2021.07.13"]
[WhiteClock "0:00:32"]
[BlackClock "0:00:07"]

1. e4 Nf6 2. e5 Nd5 3. g3 d6 4. exd6 cxd6 5. Bg2 Nb6 6. d4 g6 7. Ne2 Bg7 8. Kf1 O-O 9. Kg1 d5 10. h4 Bg4 11. f3 Bf5 12. h5 Nc6 13. g4 Bd7 14. c3 e5 15. hxg6 fxg6 16. Bh6 Bxh6 17. Rxh6 e4 18. fxe4 Bxg4 19. e5 Qg5 20. Qc1 Qf5 21. Qe3 Nc4 22. Qg3 Bxe2 23. b3 Nb6 24. Nd2 Qg4 25. Qh2 Rf7 26. Re1 Bd3 27. Rh4 Qg5 28. e6 Re7 29. Nf3 Qf6 30. Qg3 Bf5 31. Ng5 Rae8 32. Bh3 Bxh3 33. Rxh3 Nd8 34. Rf1 Qg7 35. Rxh7 Qxh7 36. Nxh7 Kxh7 37. Rf6 Rg7 38. Qh4+ Kg8 39. Qg4 Nc8 40. Rxg6 Re7 41. Kf2 Nxe6 42. Rxg7+ Nxg7 43. Qxc8+ Kh7 44. c4 Ne6 45. cxd5 Nxd4 46. d6 Rf7+ 47. Ke1 Nc6 48. d7 Kg7 49. Qxc6 bxc6 50. d8=Q 1-0


[Site "https://www.chess.com"]

[Event "Titled Tuesday Blitz July 13 2021"]
[White "Martins, Igor Carvalho Ribeiro"]
[Black "Yuan, Qingyu"]
[WhiteFideId "2162962"]
[BlackFideId "8609772"]
[WhiteElo "2503"]
[BlackElo "2359"]
[Result "1-0"]
[Round "02"]
[TimeControl "180+1"]
[Date "2021.07.13"]
[WhiteClock "0:01:46"]
[BlackClock "0:01:20"]

1. Nf3 Nf6 2. c4 g6 3. Nc3 d5 4. cxd5 Nxd5 5. e4 Nxc3 6. dxc3 Qxd1+ 7. Kxd1 f6 8. Be3 e5 9. Kc2 Be6 10. Nd2 Nd7 11. Bc4 Kf7 12. a4 Bc5 13. Bxe6+ Kxe6 14. Nc4 Rhd8 15. Rad1 Bxe3 16. Nxe3 c6 17. b4 a5 18. Nc4 axb4 19. Rd6+ Ke7 20. Rhd1 bxc3 21. Rxd7+ Rxd7 22. Rxd7+ Kxd7 23. Nb6+ Kd6 24. Nxa8 b5 25. axb5 cxb5 26. Kxc3 Kc6 27. Kb4 f5 28. f3 fxe4 29. fxe4 g5 30. g4 h6 31. h3 Kb7 32. Kxb5 Kxa8 33. Kc5 Kb7 34. Kd5 h5 35. gxh5 Kb6 36. h6 g4 37. hxg4 1-0


[Site "https://www.chess.com"]

[Event "Titled Tuesday Blitz July 13 2021"]
[White "Melikhov, Evgeny V."]
[Black "Toniutti, Ezio"]
[WhiteFideId "4122046"]
[BlackFideId "113034"]
[WhiteElo "1965"]
[BlackElo "2215"]
[Result "0-1"]
[Round "02"]
[TimeControl "180+1"]
[Date "2021.07.13"]
[WhiteClock "0:01:23"]
[BlackClock "0:00:27"]

1. d4 d5 2. c4 c6 3. Nc3 Nf6 4. e3 a6 5. c5 Bf5 6. f4 Nbd7 7. Nf3 e6 8. Bd3 Ne4 9. O-O Be7 10. Bxe4 dxe4 11. Nd2 Nf6 12. Nc4 O-O 13. Bd2 Kh8 14. Nb6 Rb8 15. Be1 Qc7 16. Bh4 Nd5 17. Nbxd5 exd5 18. Bxe7 Qxe7 19. g4 Bd7 20. g5 f6 21. h4 Qe6 22. Qe2 Qh3 23. Qf2 fxg5 24. hxg5 Bg4 25. Rae1 h6 26. Qh2 Rf5 27. gxh6 gxh6 28. Qxh3 Bxh3 29. Rf2 Rg8+ 30. Kh1 Rh5 31. Rh2 Bg2+ 32. Kg1 Bf3+ 0-1


[Site "https://www.chess.com"]

[Event "Titled Tuesday Blitz July 13 2021"]
[White "Mezentsev, Ivan"]
[Black "Nakamura, Hikaru"]
[WhiteFideId "13706195"]
[BlackFideId "2016192"]
[WhiteElo "2295"]
[BlackElo "2900"]
[Result "0-1"]
[Round "02"]
[TimeControl "180+1"]
[Date "2021.07.13"]
[WhiteClock "0:00:01"]
[BlackClock "0:00:45"]

1. d4 g6 2. Nf3 Bg7 3. Bf4 d6 4. e3 Nd7 5. h3 e5 6. Bh2 Ne7 7. Be2 O-O 8. O-O Nc6 9. a4 Re8 10. Re1 a6 11. c3 h6 12. Bg3 f5 13. Bh4 Bf6 14. Bxf6 Qxf6 15. Na3 g5 16. Nd2 Nf8 17. b4 Ne7 18. Bh5 Neg6 19. a5 Be6 20. b5 Bf7 21. bxa6 Rxa6 22. Nb5 Re7 23. c4 c6 24. Nc3 exd4 25. exd4 Rxe1+ 26. Qxe1 Qxd4 27. Ne2 Qf6 28. Ng3 b6 29. Qb1 Ne7 30. Bxf7+ Kxf7 31. Nh5 Qc3 32. Qe1 Rxa5 33. Rc1 Qe5 34. Qd1 Qd4 35. Qc2 Ra1 36. Nf3 Rxc1+ 37. Qxc1 Qh8 38. Qd2 Qa1+ 39. Kh2 d5 40. Qe3 Nfg6 41. Qxb6 g4 42. Nd4 Qe1 43. Nxc6 dxc4 44. Nd8+ Kg8 45. Qf6 Qe5+ 46. Qxe5 Nxe5 0-1


[Site "https://www.chess.com"]

[Event "Titled Tuesday Blitz July 13 2021"]
[White "Mikaelyan, Arman"]
[Black "Amburgy, Ryan"]
[WhiteFideId "13304852"]
[BlackFideId "30924820"]
[WhiteElo "2461"]
[BlackElo "2066"]
[Result "1-0"]
[Round "02"]
[TimeControl "180+1"]
[Date "2021.07.13"]
[WhiteClock "0:00:11"]
[BlackClock "0:00:01"]

1. d4 Nf6 2. c4 e6 3. Nf3 b6 4. g3 Ba6 5. Nbd2 Bb7 6. Bg2 c5 7. dxc5 Bxc5 8. O-O O-O 9. b3 d5 10. Bb2 Nbd7 11. cxd5 Bxd5 12. e3 Rc8 13. Qe2 Qc7 14. e4 Bc6 15. Rac1 Qb7 16. e5 Nd5 17. Nc4 Rfd8 18. a3 a5 19. h4 h6 20. Kh2 Ne7 21. Nd6 Bxd6 22. exd6 Nf5 23. Rfd1 Bd5 24. Rxc8 Rxc8 25. Ne1 Bxg2 26. Nxg2 Rc6 27. Qf3 Qc8 28. Qg4 g6 29. h5 Kh7 30. hxg6+ fxg6 31. Qe4 Nc5 32. Qe5 Nxb3 33. d7 Qd8 34. Nf4 Nc5 35. Rd2 1-0


[Site "https://www.chess.com"]

[Event "Titled Tuesday Blitz July 13 2021"]
[White "Mirzanurov, Bulat"]
[Black "Tejedor Fuente, Enrique"]
[WhiteFideId "4184521"]
[BlackFideId "2299100"]
[WhiteElo "2208"]
[BlackElo "2535"]
[Result "0-1"]
[Round "02"]
[TimeControl "180+1"]
[Date "2021.07.13"]
[WhiteClock "0:00:02"]
[BlackClock "0:00:06"]

1. e4 c5 2. Nf3 e6 3. d4 cxd4 4. Nxd4 Nc6 5. Nc3 Qc7 6. Be3 Nf6 7. f3 Bb4 8. Nb5 Qb8 9. a3 Be7 10. Nd4 O-O 11. Be2 d5 12. exd5 exd5 13. O-O Bd6 14. f4 Re8 15. Qd2 Rxe3 16. Qxe3 Bc5 17. Rad1 Bg4 18. Bf3 Qe8 19. Qf2 Bxf3 20. gxf3 Qd7 21. Nce2 Re8 22. c3 Ne7 23. Ng3 Ng6 24. f5 Nf4 25. Kh1 h5 26. Rfe1 Rxe1+ 27. Qxe1 h4 28. Nge2 Nxe2 29. Qxe2 Bxd4 30. Rxd4 Qxf5 31. Rxh4 Qg5 32. Rd4 a6 33. f4 Qf5 34. Rd3 Qxf4 35. Rf3 Qc1+ 36. Kg2 Ne4 37. Re3 g6 38. Rxe4 dxe4 39. Qxe4 Qxb2+ 40. Kh3 Qxc3+ 41. Kh4 Qxa3 42. Qe8+ Qf8 43. Qd7 b5 44. Qa7 Qh6+ 45. Kg4 Qh5+ 46. Kg3 Qg5+ 47. Kf3 Qf5+ 48. Kg3 Qe5+ 49. Kh3 Qe6+ 50. Kg2 Kg7 51. Kg3 Qe5+ 52. Kg2 Qd5+ 53. Kg3 Qd6+ 54. Kg2 b4 55. Qe3 Qc6+ 56. Kg3 Qc7+ 0-1


[Site "https://www.chess.com"]

[Event "Titled Tuesday Blitz July 13 2021"]
[White "Miszler, Levente"]
[Black "Goltsev, Dmitry"]
[WhiteFideId "763276"]
[BlackFideId "24176710"]
[WhiteElo "1967"]
[BlackElo "2366"]
[Result "1/2-1/2"]
[Round "02"]
[TimeControl "180+1"]
[Date "2021.07.13"]
[WhiteClock "0:00:19"]
[BlackClock "0:00:09"]

1. Nf3 d5 2. c4 Nf6 3. d4 c6 4. Nc3 dxc4 5. a4 a5 6. e3 Bg4 7. Bxc4 e6 8. O-O Nbd7 9. h3 Bh5 10. Be2 Bb4 11. Qc2 Bg6 12. Bd3 Qe7 13. Bd2 e5 14. Bxg6 hxg6 15. dxe5 Nxe5 16. Nxe5 Qxe5 17. Ne2 Bd6 18. f4 Qe7 19. Nd4 Bc5 20. Rac1 Bxd4 21. exd4 O-O 22. f5 gxf5 23. Qxf5 Nd5 24. Rce1 Qd6 25. Bf4 Qb4 26. Be5 f6 27. Qe6+ Rf7 28. Re4 Qxb2 29. Rg4 Kf8 30. Bd6+ Kg8 31. Be5 Kf8 32. Rh4 Kg8 33. Rg4 1/2-1/2


[Site "https://www.chess.com"]

[Event "Titled Tuesday Blitz July 13 2021"]
[White "Nabaty, Tamir"]
[Black "Michailov, Matias"]
[WhiteFideId "2809052"]
[BlackFideId "3001571"]
[WhiteElo "2627"]
[BlackElo "2231"]
[Result "1-0"]
[Round "02"]
[TimeControl "180+1"]
[Date "2021.07.13"]
[WhiteClock "0:00:11"]
[BlackClock "0:00:05"]

1. Nf3 Nf6 2. b3 g6 3. Bb2 Bg7 4. g3 O-O 5. Bg2 d6 6. d4 a5 7. c4 c6 8. O-O a4 9. bxa4 Nbd7 10. Nc3 d5 11. cxd5 cxd5 12. Qb3 Nb6 13. Ne5 Be6 14. Ba3 Ne4 15. Rab1 Nxc3 16. Qxc3 Nxa4 17. Qb4 Re8 18. Rfc1 Ra7 19. Qb5 Qa8 20. Rc7 Bxe5 21. dxe5 Qd8 22. Rbc1 d4 23. Bb4 Nc3 24. Bxc3 dxc3 25. R7xc3 Rxa2 26. Bf3 Kg7 27. Rc7 h5 28. h4 Rf8 29. Qxb7 Qd2 30. Qc6 Ra5 31. Qc3 Qxc3 32. R1xc3 Rxe5 33. Rxe7 Kf6 34. Rec7 Rb8 35. Kg2 Rb2 36. R3c6 Ra5 37. Rc2 Raa2 38. Rxb2 Rxb2 39. Rc6 Ke5 40. Rc3 Kf6 41. e3 Ke5 42. Rc5+ Kf6 43. Be4 Bg4 44. Rc6+ Ke5 45. Bd3 Be6 46. Rc2 Rb4 47. f3 Ra4 48. Kf2 Ra1 49. f4+ Kf6 50. e4 Rh1 51. e5+ Kg7 52. Kg2 Rd1 53. Be2 Re1 54. Kf2 Ra1 55. Bf3 Ra3 56. Rd2 Rb3 57. Re2 Rb1 58. Re3 Rb4 59. Rc3 Rb2+ 60. Ke3 Rb1 61. Be4 Rg1 62. Kd4 Rd1+ 63. Kc5 Kf8 64. Rd3 Rc1+ 65. Kd6 Rc8 66. Ra3 Rd8+ 67. Kc5 Rd2 68. Rd3 Rg2 69. Kd6 Rf2 70. Rc3 Rd2+ 71. Rd3 Rf2 72. Bd5 Bf5 73. Rc3 Rd2 74. Kc5 Kg7 75. Ra3 Rc2+ 76. Kb6 Rd2 77. Bc4 Rb2+ 78. Kc5 Rc2 79. Kd4 Rd2+ 80. Ke3 Rb2 81. Ra7 Rb4 82. Rxf7+ Kh6 83. Rc7 Ra4 84. Bg8 Ra3+ 85. Kf2 Ra2+ 1-0


[Site "https://www.chess.com"]

[Event "Titled Tuesday Blitz July 13 2021"]
[White "Nozdrachev, Leonid"]
[Black "Moskalenko, Alexander"]
[WhiteFideId "24113433"]
[BlackFideId "4155351"]
[WhiteElo "2221"]
[BlackElo "2495"]
[Result "1-0"]
[Round "02"]
[TimeControl "180+1"]
[Date "2021.07.13"]
[WhiteClock "0:01:32"]
[BlackClock "0:00:16"]

1. e4 e6 2. d4 d5 3. exd5 exd5 4. c4 Nf6 5. Nc3 Be7 6. Nf3 O-O 7. cxd5 Nxd5 8. h3 Nc6 9. Bd3 Be6 10. O-O Qd7 11. Bg5 h6 12. Bxe7 Ncxe7 13. Ne4 b6 14. Ne5 Qd8 15. Bc4 Rc8 16. Rc1 Nf5 17. Qd2 Nd6 18. Bd3 Nxe4 19. Bxe4 Nf6 20. Bb7 Rb8 21. Nc6 Qd5 22. Ne7+ 1-0


[Site "https://www.chess.com"]

[Event "Titled Tuesday Blitz July 13 2021"]
[White "Onyshchuk, Volodymyr"]
[Black "Madaminov, Mukhiddin"]
[WhiteFideId "14114038"]
[BlackFideId "14210703"]
[WhiteElo "2603"]
[BlackElo "1747"]
[Result "0-1"]
[Round "02"]
[TimeControl "180+1"]
[Date "2021.07.13"]
[WhiteClock "0:00:01"]
[BlackClock "0:00:15"]

1. e4 e5 2. Bc4 Nf6 3. d3 Nc6 4. Nf3 h6 5. c3 d6 6. Nbd2 g5 7. b4 Bg7 8. Qb3 O-O 9. a4 Ne7 10. Nf1 c6 11. Qc2 Ng6 12. h3 d5 13. Bb3 Be6 14. Ng3 Qd7 15. a5 Rad8 16. Be3 a6 17. O-O-O Rfe8 18. Bb6 Rc8 19. Rhe1 Kh8 20. d4 dxe4 21. dxe5 Bxb3 22. Rxd7 Nxd7 23. Qxb3 exf3 24. gxf3 Ndxe5 25. Re3 Nf4 26. Nf5 Nd5 27. Nd6 Nxe3 28. Bxe3 Rcd8 29. Nxe8 Rxe8 30. Kc2 Re7 31. f4 gxf4 32. Bxf4 Rd7 33. Bxe5 Bxe5 34. Qc4 Re7 35. Qh4 Re6 36. Qd8+ Kg7 37. Qd7 Rf6 38. f3 c5 39. Qxb7 cxb4 40. cxb4 h5 41. Qe4 Bf4 42. Kb3 Kh6 43. Qb7 Kg5 44. b5 axb5 45. a6 Be3 46. a7 Bxa7 47. Qxa7 Rxf3+ 48. Kb4 Rf5 49. Qe3+ Kg6 50. Qe4 Kf6 51. Ka5 Re5 52. Qf4+ Ke6 53. Qh6+ f6 54. Kb6 Rg5 55. Qh8 Re5 56. Kc6 b4 57. Qe8+ Kf5 58. Qxh5+ Ke4 0-1


[Site "https://www.chess.com"]